 Dungeon Crawl Stone Soup version 0.18.1-5-g4a78601 (webtiles) character file.

163 Chiseanne the Skirmisher (level 5, 0/43 HPs)
             Began as a Formicid Monk on May 10, 2016.
             Killed from afar by an orc wizard (3 damage)
             ... with a magic dart
             ... on level 3 of the Dungeon.
             The game lasted 00:05:23 (1958 turns).

Chiseanne the Skirmisher (Formicid Monk)            Turns: 1958, Time: 00:05:23

Health: 0/43       AC:  8    Str: 21    XL:     5   Next: 73%
Magic:  5/5        EV: 12    Int:  9    God:
Gold:   72         SH:  4    Dex: 14    Spells: 0 memorised, 4 levels left

rFire  . . .     SeeInvis +     x - +0 mace
rCold  . . .     Gourm    .     h - +1 ring mail
rNeg   . . .     Faith    .     p - +0 buckler
rPois  .         Spirit   .     (helmet unavailable)
rElec  .         Dismiss  .     l - +1 cloak
rCorr  .         Reflect  .     (no gloves)
SustAt .         Harm     .     (no boots)
MR     .....                    (no amulet)
Stlth  +.........               (no ring)
                                (no ring)

@: mighty, not resistant to hostile enchantments, very unstealthy
A: permanent stasis, dig shafts and tunnels, four strong arms, antennae 3
a: Dig, Shaft Self


You were on level 3 of the Dungeon.
You were not hungry.

You visited 1 branch of the dungeon, and saw 3 of its levels.

You collected 72 gold pieces.

Inventory:

Hand Weapons
 a - a +0 spear of piercing
 t - a +0 war axe
 w - a +0 hunting sling
 x - a +0 mace (weapon)
Missiles
 c - 70 stones (quivered)
 e - 47 arrows
 f - 3 poisoned tomahawks
 k - 38 bolts
 u - 5 tomahawks
Armour
 h - a +1 ring mail (worn)
 l - a +1 cloak (worn)
 p - a +0 buckler (worn)
 v - a +0 ring mail of poison resistance
Jewellery
 i - an uncursed ring of stealth {unknown}
 n - a cursed ring of loudness {unknown}
Wands
 j - a wand of lightning (9/15)
Scrolls
 d - a scroll of fear
Potions
 g - a potion of brilliance {unknown}
 o - a potion of might
 q - a potion of heal wounds {unknown}
 r - a potion of agility {unknown}
 s - a potion of lignification {unknown}
 A - a potion of invisibility {unknown}
Comestibles
 b - 4 bread rations
 m - 2 fruits
 z - 3 chunks of flesh


   Skills:
 * Level 4.6 Fighting
 * Level 2.8 Armour
 - Level 3.1 Dodging
 - Level 2.4 Stealth
 * Level 2.6 Shields
 - Level 4.0 Unarmed Combat


You had 4 spell levels left.
You didn't know any spells.

Dungeon Overview and Level Annotations

Branches:
Dungeon (3/15)

Altars:
Ashenzari
Gozag


Innate Abilities, Weirdness & Mutations

You are under a permanent stasis effect.
You can dig through walls and to a lower floor.
Your four strong arms can wield two-handed weapons with a shield.
You have a pair of large antennae on your head (SInv).


Message History

You hit the orc priest.
The orc priest is almost dead.
The orc priest barely misses you.
You barely miss the orc priest.
The orc priest is almost dead.
The orc priest hits you with a mace.
* * * LOW HITPOINT WARNING * * *
Drink which item? (? for menu, Esc to quit)
It was a potion of might.
You feel very mighty all of a sudden. You block the orc priest's attack.
You retract your mandibles.
You bludgeon the orc priest!!
You kill the orc priest!
Your life force feels restored.
You barely miss the orc priest. You block the orc priest's attack.
You sock the orc priest!
You kill the orc priest!
The orc wizard gestures at you while chanting.
The magic dart hits you!
You die...

############ ###
#....?.....# #.. #.
#@## #.# #.# #. ##o#
#.# #.# ##.##.#####.#
#.# #........##.###.#
.
#..#####.#...##.####.#
#.. #...#.........#
#.. ###...##.......
#{# ##.###).##### .{
..#.# #...)...


You could see an orc wizard.

Vanquished Creatures
  2 orc priests (D:3)
  An orc wizard (D:3)
  2 adders (D:2)
  An ooze (D:2)
  A worm (D:2)
  A dart slug (D:2)
  A giant gecko (D:1)
  5 orcs (D:3)
  A ball python (D:1)
  6 bats
  3 giant cockroaches
  2 hobgoblins
  2 jackals (D:2)
  4 giant newts (D:1)
  3 goblins
  8 kobolds
  6 rats
49 creatures vanquished.

Notes
Turn   | Place    | Note
--------------------------------------------------------------
     0 | D:1      | Chiseanne the Formicid Monk began the quest for the Orb.
     0 | D:1      | Reached XP level 1. HP: 18/18 MP: 1/1
   348 | D:1      | Reached XP level 2. HP: 24/24 MP: 2/2
   729 | D:1      | Reached skill level 1 in Armour
   840 | D:1      | Reached XP level 3. HP: 19/30 MP: 3/3
  1366 | D:2      | Reached XP level 4. HP: 33/37 MP: 4/4
  1448 | D:2      | Found a shattered altar of Ashenzari.
  1708 | D:2      | Reached skill level 1 in Shields
  1806 | D:3      | Reached XP level 5. HP: 32/43 MP: 5/5
  1933 | D:3      | Found an opulent altar of Gozag.
  1954 | D:3      | HP: 2/43 [orc priest/mace (3)]
  1958 | D:3      | Killed from afar by an orc wizard

Skill      XL: |  1  2  3  4  5 |
---------------+----------------+-----
Dodging        | 3 |  3.1
Armour         | 1 2 |  2.8
Fighting       | 4 |  4.6
Shields        | 1 2 |  2.6
Stealth        | |  2.4
Unarmed Combat | |  4.0

Action                   |  1- 3 |  4- 6 || total
-------------------------+-------+-------++-------
Melee: Unarmed           |   128 |    51 ||   179
       Punch             |     2 |       ||     2
       Mace              |       |    20 ||    20
 Abil: Dig               |     3 |     1 ||     4
  Use: Scroll            |     4 |     2 ||     6
       Potion            |       |     1 ||     1
 Stab: Sleeping          |       |     1 ||     1
  Eat: Chunk             |     2 |     2 ||     4
Armor: Robe              |     5 |       ||     5
       Ring mail         |    59 |    30 ||    89
Dodge: Dodged            |    95 |    25 ||   120
Block: Buckler           |     9 |     9 ||    18
